 Dungeon Crawl Stone Soup version 0.30-a0-782-ge64f9170bb (webtiles) character file.

Game seed: 2805989189367930810

94 Dirtsage the Chopper (level 4, -3/35 HPs)
             Began as a Demonspawn Berserker on Mar 15, 2023.
             Was a Believer of Trog.
             Succumbed to an orc wizard's poison
             ... on level 3 of the Dungeon.
             The game lasted 00:03:56 (1973 turns).

Dirtsage the Chopper (Demonspawn Berserker)         Turns: 1973, Time: 00:03:56

Health: -3/35      AC:  9    Str: 19    XL:     4   Next: 38%
Magic:  4/4        EV: 10    Int:  9    God:    Trog [**....]
Gold:   95         SH:  0    Dex: 14    Spells: 3/3 levels left

rFire   . . .      SeeInvis .    a - +0 hand axe
rCold   . . .      Faith    .    (no shield)
rNeg    . . .      Spirit   .    d - +0 scale mail
rPois   .          Reflect  .    p - +0 helmet
rElec   .          Harm     .    w - +0 cloak
rCorr   .          Rampage  .    u - +0 pair of gloves
Will    .....                    (no boots)
Stlth   +                        (no amulet)
HPRegen 0.25/turn                (no ring)
MPRegen 0.09/turn                (no ring)

@: lethally poisoned (-3 -> -16), on berserk cooldown, slowed, very slow
A: thin skeletal structure 1, demonic guardian 1
a: Renounce Religion, Berserk, Trog's Hand


You were on level 3 of the Dungeon.
You worshipped Trog.
Trog was pleased with you.
You visited 1 branch of the dungeon, and saw 3 of its levels.

You collected 95 gold pieces.

Inventory:

Hand Weapons
 a - a +0 hand axe (weapon)
Armour
 b - a +0 animal skin
 d - a +0 scale mail (worn)
 p - a +0 helmet (worn)
 r - a +0 plate armour
 u - a +0 pair of gloves (worn)
 w - a +0 cloak (worn)
Jewellery
 s - a ring of magical power
Scrolls
 f - a scroll of fear {unknown}
 g - a scroll of torment {unknown}
 h - a scroll of vulnerability {unknown}
 i - 3 scrolls of enchant weapon {unknown}
 j - 3 scrolls of identify {unknown}
 k - a scroll of enchant armour {unknown}
 l - a scroll of butterflies {unknown}
 o - a scroll of teleportation {unknown}
 q - a scroll of blinking {unknown}
 v - a scroll of magic mapping {unknown}
Potions
 c - 2 potions of curing {unknown}
 e - a potion of resistance {unknown}
 m - a potion of degeneration {unknown}
 n - a potion of heal wounds {unknown}
 t - a potion of invisibility {unknown}


   Skills:
 - Level 3.0 Fighting
 + Level 4.8 Axes
 - Level 1.7 Armour
 - Level 1.7 Dodging


You had 3 spell levels left.
You didn't know any spells.
Your spell library was empty.

Dungeon Overview and Level Annotations

Branches:
Dungeon (3/15)

Altars:
Xom


Innate Abilities, Weirdness & Mutations

You have a somewhat thin skeletal structure. (Dex +2, Stealth+)
A weak demonic guardian rushes to your aid.


Message History

You feel sick.
You take 2 damage, and have 18/52 hp.
You feel a strong urge to attack something.
You feel sick.
The orc wizard points at you and mumbles some strange words.
You resist with some effort.
You take 1 damage, and have 17/52 hp.
You feel sick.
You take 2 damage, and have 15/52 hp.
You feel your anger nearly subside.
You hear the slow rusting of a very distant drain.
You are no longer berserk.
You are exhausted.
You feel yourself slow down.
You feel sick. The orc wizard barely misses you.
You now have 9/35 hp.
You bump into the rock wall.
You feel sick.
The orc wizard hits you but does no damage.
You are lethally poisoned!
You take 1 damage, and have 8/35 hp.
You feel less confused.
* * * LOW HITPOINT WARNING * * *
You feel very sick. The orc wizard barely misses you.
The orc wizard hits you with a +0 dagger of venom.
* * * LOW HITPOINT WARNING * * *
A demonic guardian appears!
You take 4 damage, and have 4/35 hp.
You hit the orc wizard but do no damage.
The orc wizard is severely wounded.
* * * LOW HITPOINT WARNING * * *
You feel very sick.
The orc wizard hits you but does no damage.
You are more poisoned.
Your shadow imp barely misses the orc wizard.
The orc wizard mumbles some strange words.
The orc wizard flickers and vanishes!
Deactivating autopickup; reactivate with Ctrl-A.
You take 2 damage, and have 2/35 hp.
You closely miss something.
You die...

#########.# #.##.#
##########.#######.##.# #
>......................
#......#####...#####.##.#
#.. #.).................
#..###.....#...#.........
#....#.5)..#...###.#.####
#.......{).#...# #... ...
#.......@.)#......... ...
#.###..#.......###. ...
................# ## #.
##................ ..
#......#.#.##..#. #.
#......#.#.# ..# #.
#......#.#.# .. ...
............. .#.
.....##.. . #.


You could see a friendly shadow imp (summoned).

Vanquished Creatures
  Robin (D:2)
  3 adders (D:2)
  A dart slug (D:2)
  3 orcs (D:3)
  4 ball pythons
  5 endoplasms
  3 giant cockroaches
  10 goblins
  7 hobgoblins
  A quokka (D:3)
  2 bats
  A frilled lizard (D:1)
  3 kobolds
  3 rats
47 creatures vanquished.

Notes
Turn   | Place    | Note
-------+----------+-------------------------------------------
     0 | D:1      | Dirtsage the Demonspawn Berserker began the quest for the
                  | Orb.
     0 | D:1      | Reached XP level 1. HP: 18/18 MP: 1/1
    47 | D:1      | Reached skill level 3 in Axes
   237 | D:1      | Gained mutation: A weak demonic guardian rushes to your
                  | aid. [demonic ancestry]
   237 | D:1      | Reached XP level 2. HP: 24/24 MP: 2/2
   294 | D:1      | You fall into a shaft and drop 1 floor!
   632 | D:1      | Found a faded altar of an unknown god.
  1174 | D:2      | Noticed Robin
  1180 | D:2      | Reached XP level 3. HP: 29/29 MP: 3/3
  1190 | D:2      | Killed Robin
  1191 | D:2      | Reached skill level 4 in Axes
  1210 | D:2      | Reached ** piety under Trog
  1618 | D:2      | Found a shimmering altar of Xom.
  1651 | D:2      | Gained mutation: You have a somewhat thin skeletal
                  | structure. (Dex +2, Stealth+) [demonic ancestry]
  1651 | D:2      | Reached XP level 4. HP: 26/35 MP: 4/4
  1973 | D:3      | Succumbed to an orc wizard's poison

Illustrated notes

Levels and vault maps discovered:
D:1:      spicycebolla_green_bress_n_ham_2, layout_basic,
          shapermc_ecumenical_altar_gd
D:2:      layout_loops_cross, basic_altar, uniq_robin
D:3:      layout_basic, portal_sewer_entry_b

Skill      XL: |  1  2  3 |
---------------+----------+-----
Axes           | 3 4 |  4.8
Fighting       | |  3.0
Armour         | |  1.7
Dodging        | |  1.7

Action                     |  1- 3 |  4- 6 || total
---------------------------+-------+-------++-------
  Melee: Hand axe          |    94 |    29 ||   123
         Punch             |     1 |       ||     1
 Invoke: Berserk           |     1 |     1 ||     2
 Armour: Animal skin       |     3 |       ||     3
         Scale mail        |    26 |    16 ||    42
  Dodge: Dodged            |    62 |    10 ||    72

Table legend: (Time is in decaauts)
 A = Elapsed time spent in this place.
 B = Non-inter-level travel time spent in this place.
 C = Inter-level travel time spent in this place.
 D = Time resting spent in this place.
 E = Time spent auto-exploring this place.
 F = Levels seen in this place.
 G = Mean time per level.
                   A        B        C        D        E       F      G
               +--------+--------+--------+--------+--------+-----+--------+
         Total |   1991 |   1907 |     84 |      0 |   1588 |   3 |  663.7 |
       Dungeon |   1991 |   1907 |     84 |      0 |   1588 |   3 |  663.7 |
               +--------+--------+--------+--------+--------+-----+--------+

Top non-repeatable levels by time:
     D:1: 1127 daAuts
     D:2: 758 daAuts
     D:3: 105 daAuts
